 Dungeon Crawl Stone Soup version 0.25-a0-248-g18654cfe15 (webtiles) character file.

Game seed: 1852131511807722953, levelgen mode: deterministic

12 MrRokkomies the Skirmisher (level 2, -2/25 (26) HPs)
             Began as a Ghoul Monk on Dec 4, 2019.
             Slain by a kobold
             ... wielding a +0 whip of distortion
              (3 damage)
             ... on level 1 of the Dungeon.
             The game lasted 00:01:21 (606 turns).

MrRokkomies the Skirmisher (Ghoul Monk)              Turns: 606, Time: 00:01:22

HP:   -2/25 (26)    AC:  9    Str: 14    XL:     2   Next: 33%
MP:   1/1           EV:  6    Int:  5    God:
Gold: 32            SH:  0    Dex: 11    Spells: 1/1 levels left

rFire    . . .     SeeInvis .   a - +0 spear
rCold    + . .     Gourm    .   (no shield)
rNeg     + + +     Faith    .   h - +0 chain mail
rPois    ∞         Spirit   .   (no helmet)
rElec    .         Reflect  .   (no cloak)
rCorr    .         Harm     .   (no gloves)
MR       .....                  d - +0 pair of boots
Stlth    ..........             (no amulet)
HPRegen  0.00/turn              (no ring)
MPRegen  0.07/turn              (no ring)

@: rotting
A: rotting body, claws 1, carnivore, cold resistance 1, negative energy
resistance 3, inhibited regeneration, torment resistance, unbreathing
a: no special abilities


You were on level 1 of the Dungeon.
You were not hungry.

You visited 1 branch of the dungeon, and saw 1 of its levels.

You collected 32 gold pieces.

Inventory:

Hand Weapons
 a - a +0 spear (weapon)
Missiles
 i - 22 arrows
Armour
 d - a +0 pair of boots (worn)
 h - a +0 chain mail (worn)
Scrolls
 e - a scroll of amnesia {unknown}
 f - a scroll of identify {unknown}
Potions
 b - a potion of might {unknown}
 g - a potion of degeneration {unknown}
Comestibles
 c - 3 rations


   Skills:
 * Level 3.6 Fighting
 * Level 3.0 Polearms
 + Level 2.8 Dodging
 - Level 2.1 Stealth


You had one spell level left.
You didn't know any spells.
Your spell library was empty.

Dungeon Overview and Level Annotations

Branches:
Dungeon (1/15)

Altars:


Innate Abilities, Weirdness & Mutations

Your body is rotting away.
You thrive on raw meat.
You are immune to poison.
You have sharp fingernails.
You are carnivorous and can eat meat at any time.
Your flesh is cold resistant. (rC+)
You are immune to negative energy. (rN+++)
You do not regenerate when monsters are visible.
You are immune to unholy pain and torment.
You can survive without breathing.


Message History

Press: ? - help, v - describe, . - travel
Here: a kobold, wielding a +0 whip of distortion (heavily wounded)
The floor.
Unknown command.
You see here a bat corpse.
Okay, then.
Unknown command.
Okay, then.
Unknown command.
You miss the kobold.
The kobold is heavily wounded.
The kobold hits you but does no damage. Space bends around you.
* * * LOW HITPOINT WARNING * * *
You hit the kobold but do no damage.
The kobold is heavily wounded.
The kobold barely misses you.
You closely miss the kobold.
The kobold is heavily wounded.
The kobold hits you with a +0 whip of distortion.
You die...

###......######
#...#
###.####.#
###...#
.........#
#####.....###
.##.######
#........[..[.
###.#
#.###.#.##.###
....#
##.###(#.##.##
#####
#.....(......K
#..###(#†##.##
..!.###@#.#
#......K.#
...####.### #.#
#.. ###


You could see a kobold.

Vanquished Creatures
  2 goblins (D:1)
  A hobgoblin (D:1)
  3 kobolds (D:1)
  3 bats (D:1)
  4 rats (D:1)
13 creatures vanquished.

Notes
Turn   | Place    | Note
-------+----------+-------------------------------------------
     0 | D:1      | MrRokkomies the Ghoul Monk began the quest for the Orb.
     0 | D:1      | Reached XP level 1. HP: 19/19 MP: 0/0
   178 | D:1      | Reached XP level 2. HP: 22/26 MP: 1/1
   604 | D:1      | HP: 1/25 [kobold/+0 whip of distortion (2)]
   606 | D:1      | Slain by a kobold

Levels and vault maps discovered:
D:1:      dpeg_arrival_long_road, layout_loops_cross

Skill      XL: |  1  2 |
---------------+-------+-----
Polearms       | 3 |  3.0
Fighting       | |  3.6
Dodging        | |  2.8
Stealth        | |  2.1

Action                   || total
-------------------------++-------
Melee: Spear             ||    50
 Stab: Sleeping          ||     2
  Eat: Chunk             ||     3
Armor: Robe              ||     7
       Chain mail        ||     9
Dodge: Dodged            ||    15

Table legend:
 A = Non-vault XP
 B = Vault XP
 C = Vault XP percentage of total XP
 D = Non-vault monster count
 E = Vault monster count
 F = Vault count percentage of total count
                 A         B        C        D         E       F
            +---------+---------+-------+---------+---------+-------
      Total |      18 |       0 |   0.0 |      13 |       0 |   0.0
            +---------+---------+-------+---------+---------+-------
        D:1 |      18 |       0 |   0.0 |      13 |       0 |   0.0
            +---------+---------+-------+---------+---------+-------
